EVO
UNIVERSITY OF SOUTH CAROLINA GAMECOCKS @ FRESNO STATE UNIVERSITY BULLDOGS
07/10/2049
 
TOP OF THE 1ST
University of South Carolina Gamecocks batting - Pitching for Fresno State University Bulldogs : RHP Alex Rojas
Pitching: RHP Alex Rojas
Batting: LHB Bert Webster 0-0: Called Strike
0-1: Foul Ball, location: 2F
0-2: Ball
1-2: Strikes out swinging
Batting: RHB Phil Hanley 0-0: Called Strike
0-1: Foul Ball, location: 2F
0-2: Foul Ball, location: 2F
0-2: Ball
1-2: Ball
2-2: Ground out 5-3 (Groundball, 5S, EV 79.4 MPH)
Batting: RHB Lance Neldon 0-0: Ball
1-0: Ball
2-0: Ball
3-0: Base on Balls
Batting: RHB Ben Turner 0-0: Called Strike
0-1: Foul Ball, location: 2F
0-2: Foul Ball, location: 2F
0-2: Ball
1-2: Foul Ball, location: 2F
1-2: Foul Ball, location: 2F
1-2: Foul Ball, location: 2F
1-2: Ball
2-2: Fly out, F7 (Flyball, 7LD, EV 110.6 MPH)
Top of the 1st over - 0 runs, 0 hits, 0 errors, 1 left on base; University of South Carolina 0 - Fresno State University 0
BOTTOM OF THE 1ST
Fresno State University Bulldogs batting - Pitching for University of South Carolina Gamecocks : LHP David Saltzman
Pitching: RHP Bob Conway
Batting: RHB Sinfronio Carreon 0-0: Ball
1-0: Foul Ball, location: 2F
1-1: Bunt for hit to 13S - play at first, batter OUT! 1-3
Batting: SHB Carlton Stannard 0-0: Foul Ball, location: 2F
0-1: Fly out, F8 (Flyball, 8RXD, EV 97.5 MPH)
Batting: RHB Danilo Baldia 0-0: Foul Ball, location: 2F
0-1: Ball
1-1: Called Strike
1-2: Ball
2-2: Strikes out swinging
Bottom of the 1st over - 0 runs, 0 hits, 0 errors, 0 left on base; University of South Carolina 0 - Fresno State University 0
TOP OF THE 2ND
University of South Carolina Gamecocks batting - Pitching for Fresno State University Bulldogs : RHP Alex Rojas
Batting: RHB Keith Lynch 0-0: Ball
1-0: Called Strike
1-1: Ball
2-1: Ball
3-1: Fly out, F8 (Flyball, 8LM, EV 88.8 MPH)
Batting: RHB Josh Shirkey 0-0: Ball
1-0: Swinging Strike
1-1: Ground out 6-3 (Groundball, 6, EV 90.0 MPH)
Batting: RHB Abel Wensink 0-0: Called Strike
0-1: Swinging Strike
0-2: Ball
1-2: Ball
2-2: Ball
3-2: Strikes out swinging
Top of the 2nd over - 0 runs, 0 hits, 0 errors, 0 left on base; University of South Carolina 0 - Fresno State University 0
BOTTOM OF THE 2ND
Fresno State University Bulldogs batting - Pitching for University of South Carolina Gamecocks : RHP Bob Conway
Pitching: LHP Pong-su Kym
Batting: RHB Tony Nowak 0-0: Ball
1-0: Ball
2-0: TRIPLE (Flyball, 89XD, EV 88.8 MPH)
Batting: RHB Greg Meyer 0-0: Foul Ball, location: 2F
0-1: Ball
1-1: Swinging Strike
1-2: Strikes out swinging
Batting: RHB Ryan Roberts 0-0: Ball
1-0: Ball
2-0: Called Strike
2-1: Foul Ball, location: 2F
2-2: Foul Ball, location: 2F
2-2: Ball
3-2: Foul Ball, location: 2F
3-2: Base on Balls
Batting: RHB Victor Rangel 0-0: Swinging Strike
0-1: Called Strike
0-2: Foul Ball, location: 2F
0-2: Ball
1-2: Ball
2-2: Fly out, F9 (Flyball, 89D, EV 85.6 MPH)
Runner from 3rd tags up, SCORES, throw by RF
Batting: RHB Wu-ti Hui 0-0: Called Strike
0-1: Ball
1-1: Swinging Strike
1-2: Foul Ball, location: 2F
1-2: Foul Ball, location: 2F
1-2: Foul Ball, location: 2F
1-2: Strikes out looking
Bottom of the 2nd over - 1 run, 1 hit, 0 errors, 1 left on base; University of South Carolina 0 - Fresno State University 1
TOP OF THE 3RD
University of South Carolina Gamecocks batting - Pitching for Fresno State University Bulldogs : RHP Alex Rojas
Batting: LHB Chris McNay 0-0: Ball
1-0: Foul Ball, location: 2F
1-1: Fly out, F7 (Line Drive, 7, EV 93.1 MPH)
Batting: RHB Jonathan Long 0-0: Called Strike
0-1: Foul Ball, location: 2F
0-2: Foul Ball, location: 2F
0-2: Ball
1-2: Fly out, F9 (Flyball, 9, EV 92.5 MPH)
Batting: LHB Bert Webster 0-0: Called Strike
0-1: Ball
1-1: Foul Ball, location: 2F
1-2: Ball
2-2: Ground out 1-3 (Groundball, P, EV 73.1 MPH)
Top of the 3rd over - 0 runs, 0 hits, 0 errors, 0 left on base; University of South Carolina 0 - Fresno State University 1
BOTTOM OF THE 3RD
Fresno State University Bulldogs batting - Pitching for University of South Carolina Gamecocks : LHP Pong-su Kym
Batting: RHB Alexander Gadd 0-0: Called Strike
0-1: Foul Ball, location: 2F
0-2: Ground out 6-3 (Groundball, 6, EV 109.4 MPH)
Batting: RHB Sinfronio Carreon 0-0: Ball
1-0: Foul Ball, location: 2F
1-1: Ground out 3-1 (Groundball, 34, EV 100.0 MPH)
Batting: SHB Carlton Stannard 0-0: Called Strike
0-1: Swinging Strike
0-2: Strikes out swinging
Bottom of the 3rd over - 0 runs, 0 hits, 0 errors, 0 left on base; University of South Carolina 0 - Fresno State University 1
TOP OF THE 4TH
University of South Carolina Gamecocks batting - Pitching for Fresno State University Bulldogs : RHP Alex Rojas
Batting: RHB Phil Hanley 0-0: Ball
1-0: Foul Ball, location: 2F
1-1: Called Strike
1-2: Ball
2-2: Strikes out swinging, 2-3 out at first.
Batting: RHB Lance Neldon 0-0: Foul Ball, location: 2F
0-1: Ground out 5-3 (Groundball, 56, EV 104.4 MPH)
Batting: RHB Ben Turner 0-0: Ball
1-0: Ball
2-0: Called Strike
2-1: Foul Ball, location: 2F
2-2: Ball
3-2: Foul Ball, location: 2F
3-2: Ground out 3-1 (Groundball, 34S, EV 65.6 MPH)
Top of the 4th over - 0 runs, 0 hits, 0 errors, 0 left on base; University of South Carolina 0 - Fresno State University 1
BOTTOM OF THE 4TH
Fresno State University Bulldogs batting - Pitching for University of South Carolina Gamecocks : LHP Pong-su Kym
Pitching: RHP Nelson Knopp
Batting: RHB Danilo Baldia 0-0: Foul Ball, location: 2F
0-1: Swinging Strike
0-2: Ball
1-2: Ball
2-2: Strikes out swinging
Batting: RHB Tony Nowak 0-0: Fly out, F8 (Flyball, 89D, EV 83.8 MPH)
Batting: RHB Greg Meyer 0-0: Ball
1-0: DOUBLE (Flyball, 78D, EV 99.4 MPH)
Batting: RHB Ryan Roberts 0-0: Ground out 4-3 (Groundball, 34D, EV 85.0 MPH)
Bottom of the 4th over - 0 runs, 1 hit, 0 errors, 1 left on base; University of South Carolina 0 - Fresno State University 1
TOP OF THE 5TH
University of South Carolina Gamecocks batting - Pitching for Fresno State University Bulldogs : RHP Alex Rojas
Now at 1B: Abraham Batista
Now at 2B: Curtis Havard
Batting: RHB Keith Lynch 0-0: Ball
1-0: Foul Ball, location: 2F
1-1: Swinging Strike
1-2: Strikes out swinging
Batting: RHB Josh Shirkey 0-0: Ball
1-0: Ball
2-0: Foul Ball, location: 2F
2-1: SINGLE (Line Drive, 34, EV 105.6 MPH)
Batting: RHB Abel Wensink 0-0: Called Strike
0-1: Ball
1-1: Grounds into double play, 6-4-3 (Groundball, 6, EV 86.2 MPH)
Top of the 5th over - 0 runs, 1 hit, 0 errors, 0 left on base; University of South Carolina 0 - Fresno State University 1
BOTTOM OF THE 5TH
Fresno State University Bulldogs batting - Pitching for University of South Carolina Gamecocks : RHP Nelson Knopp
Pitching: RHP Borisav Koljevic
Batting: RHB Victor Rangel 0-0: Foul Ball, location: 2F
0-1: Called Strike
0-2: Ball
1-2: Ball
2-2: Strikes out swinging
Batting: RHB Wu-ti Hui 0-0: Ball
1-0: Foul Ball, location: 2F
1-1: Called Strike
1-2: Strikes out swinging
Batting: RHB Alexander Gadd 0-0: Swinging Strike
0-1: Swinging Strike
0-2: Ball
1-2: Foul Ball, location: 2F
1-2: Ball
2-2: Strikes out looking
Bottom of the 5th over - 0 runs, 0 hits, 0 errors, 0 left on base; University of South Carolina 0 - Fresno State University 1
TOP OF THE 6TH
University of South Carolina Gamecocks batting - Pitching for Fresno State University Bulldogs : RHP Alex Rojas
Pitching: LHP Craig Todd
Now at 3B: John Chapman
Batting: LHB Chris McNay 0-0: Called Strike
0-1: Swinging Strike
0-2: Ball
1-2: Fly out, F4 (Popup, 4S, EV 78.8 MPH)
Batting: RHB Jonathan Long 0-0: Fly out, F8 (Flyball, 8LD, EV 108.8 MPH)
Pinch Hitting: RHB Danny Narvaez 0-0: Swinging Strike
0-1: Swinging Strike
0-2: Ball
1-2: Fly out, F8 (Flyball, 8RXD, EV 97.5 MPH)
Top of the 6th over - 0 runs, 0 hits, 0 errors, 0 left on base; University of South Carolina 0 - Fresno State University 1
BOTTOM OF THE 6TH
Fresno State University Bulldogs batting - Pitching for University of South Carolina Gamecocks : RHP Borisav Koljevic
Now at 2B: Danny Narvaez
Now in LF: Jörg Young
Now in CF: Abel Wensink
Now in RF: Gregg Burchett
Batting: RHB Sinfronio Carreon 0-0: Called Strike
0-1: Foul Ball, location: 2F
0-2: Strikes out swinging
Batting: LHB Abraham Batista 0-0: Ground out 6-3 (Groundball, 6M, EV 88.8 MPH)
Batting: RHB Curtis Havard 0-0: Ball
1-0: Ball
2-0: Ball
3-0: Called Strike
3-1: Fly out, F8 (Flyball, 8RM, EV 71.2 MPH)
Bottom of the 6th over - 0 runs, 0 hits, 0 errors, 0 left on base; University of South Carolina 0 - Fresno State University 1
TOP OF THE 7TH
University of South Carolina Gamecocks batting - Pitching for Fresno State University Bulldogs : LHP Craig Todd
Batting: LHB Jörg Young 0-0: Fly out, F7 (Line Drive, 78D, EV 104.4 MPH)
Pinch Hitting: RHB Joel Bany 0-0: Fly out, F3 (Line Drive, 34, EV 70.0 MPH)
Pinch Hitting: RHB Justin Kurutz 0-0: Called Strike
0-1: Ball
1-1: Fly out, F9 (Flyball, 89M, EV 80.6 MPH)
Top of the 7th over - 0 runs, 0 hits, 0 errors, 0 left on base; University of South Carolina 0 - Fresno State University 1
BOTTOM OF THE 7TH
Fresno State University Bulldogs batting - Pitching for University of South Carolina Gamecocks : RHP Borisav Koljevic
Pitching: RHP Chris Kenny
Now at 1B: Joel Bany
Now at SS: Justin Kurutz
Pinch Hitting: LHB Moktar Ame 0-0: Called Strike
0-1: Foul Ball, location: 2F
0-2: Ball
1-2: Strikes out looking
Batting: RHB John Chapman 0-0: Ball
1-0: Called Strike
1-1: Ground out 6-3 (Groundball, 6, EV 103.1 MPH)
Batting: LHB Ollie Strauss 0-0: Ball
1-0: Ball
2-0: Ball
3-0: Called Strike
3-1: Base on Balls
Batting: RHB Victor Rangel 0-0: SINGLE (Groundball, 6D, EV 102.5 MPH)
Ollie Strauss to second
Runner from 2nd tries for 3rd, SAFE, throw by CF made to third
Pinch Hitting: RHB Sandy Munoz 0-0: Ball
1-0: Fly out, F5 (Popup, 56, EV 70.0 MPH)
Bottom of the 7th over - 0 runs, 1 hit, 0 errors, 2 left on base; University of South Carolina 0 - Fresno State University 1
TOP OF THE 8TH
University of South Carolina Gamecocks batting - Pitching for Fresno State University Bulldogs : LHP Craig Todd
Pitching: LHP Casey Welch
Now in LF: Alexander Gadd
Now in CF: Gary Christianson
Now in RF: Justin Connor
Pinch Hitting: RHB Sammy Armstrong 0-0: Called Strike
0-1: Swinging Strike
0-2: Ground out U3 (Groundball, 3, EV 85.0 MPH)
Pinch Hitting: RHB Brian Passalacqua 0-0: Called Strike
0-1: Foul Ball, location: 2F
0-2: Strikes out swinging
Batting: RHB Abel Wensink 0-0: Ball
1-0: Ball
2-0: Ball
3-0: Base on Balls
Batting: SHB Keith Mihas 0-0: Called Strike
0-1: Called Strike
0-2: Fly out, F8 (Flyball, 8LS, EV 91.2 MPH)
Top of the 8th over - 0 runs, 0 hits, 0 errors, 1 left on base; University of South Carolina 0 - Fresno State University 1
BOTTOM OF THE 8TH
Fresno State University Bulldogs batting - Pitching for University of South Carolina Gamecocks : RHP Chris Kenny
Pitching: LHP Juichi Tanaka
Now at 3B: Brian Passalacqua
Now in RF: David Fowler
Batting: RHB Alexander Gadd 0-0: Ground out 5-3 (Groundball, 56, EV 91.2 MPH)
Batting: RHB Sinfronio Carreon 0-0: Foul Ball, location: 2F
0-1: Foul Ball, location: 2F
0-2: Foul Ball, location: 2F
0-2: Ball
1-2: Foul Ball, location: 2F
1-2: Foul Ball, location: 2F
1-2: Ground out U3 (Groundball, 34S, EV 77.5 MPH)
Batting: LHB Abraham Batista 0-0: Foul Ball, location: 2F
0-1: Ball
1-1: Ball
2-1: Fly out, F7 (Flyball, 78M, EV 88.8 MPH)
Bottom of the 8th over - 0 runs, 0 hits, 0 errors, 0 left on base; University of South Carolina 0 - Fresno State University 1
TOP OF THE 9TH
University of South Carolina Gamecocks batting - Pitching for Fresno State University Bulldogs : LHP Casey Welch
Pitching: RHP Milojica Mrdja
Pinch Hitting: LHB Pete Fitchett 0-0: Ball
1-0: Hit by Pitch
Pinch Hitting: LHB Corey Lomas 0-0: Ball
1-0: Called Strike
1-1: Foul Ball, location: 2F
1-2: Foul Ball, location: 2F
1-2: Strikes out swinging
Pitching: LHP Denis van de Kolk
Batting: LHB Jörg Young 0-0: Called Strike
0-1: Ball
1-1: Foul Ball, location: 2F
1-2: Ball
2-2: Strikes out swinging
Pitching: RHP Brian Travaglio
Pinch Hitting: RHB Steve Gibson 0-0: Called Strike
0-1: Ball
1-1: Swinging Strike
1-2: Ball
2-2: Fielders Choice at 2nd, 6-4 (Groundball, 56, EV 85.6 MPH)
Top of the 9th over - 0 runs, 0 hits, 0 errors, 1 left on base; University of South Carolina 0 - Fresno State University 1
Sunday, July 16th , 2023 - OOTP Baseball 24.6 Build 69